 Dungeon Crawl Stone Soup version bcrawl-1.28.5 (webtiles) character file.

Game seed: 10588269963179528738

403268 Antasik the Eclecticist (level 12, -27/70 HPs)
             Began as a Fairy Wizard on Feb 3, 2021.
             Was a High Priest of Vehumet.
             Annihilated by a +4 glaive of flaming (36 damage)
             ... on level 1 of the Elven Halls.
             The game lasted 01:18:14 (12282 turns).

Antasik the Eclecticist (Fairy Wizard)             Turns: 12282, Time: 01:18:15

Health: -27/70     AC:  9    Str:  5    XL:     12   Next: 52%
Magic:  30/33      EV: 24    Int: 27    God:    Vehumet [*****.]
Gold:   242        SH:  7    Dex: 11    Spells: 20/41 levels left

rFire    . . .     SeeInvis .   f - +3 short sword (protect)
rCold    + . .     Gourm    .   (shield restricted)
rNeg     . . .     Faith    .   (armour unavailable)
rPois    .         Spirit   .   b - +2 hat
rElec    .         Reflect  .   (no cloak)
rCorr    .         Harm     .   (no gloves)
MR       +....                  (no boots)
Stlth    +.........             (no amulet)
HPRegen  0.21/turn              u - +5 ring of evasion
MPRegen  0.23/turn              D - ring of protection from cold

@: flying evasively
A: small, magic attunement, unstealthy, unfitting armour, able to fly, AC/SH +7
a: Stop Flying, Renounce Religion


You were on level 1 of the Elven Halls.
You worshipped Vehumet.
Vehumet was extremely pleased with you.
You were hungry.

You visited 5 branches of the dungeon, and saw 12 of its levels.

You collected 1052 gold pieces.
You spent 810 gold pieces at shops.

Inventory:

Hand Weapons
 a - a +0 staff
 f - a +3 short sword of protection (weapon)
Armour
 b - a +2 hat (worn)
 o - a +2 robe of fire resistance
 x - a +0 cloak
 K - the +2 pair of gloves "Kilaog" {rCorr MP+9 Str+2 Dex+3}
   (You acquired it in the Orcish Mines)

   It affects your strength (+2).
   It affects your dexterity (+3).
   It affects your magic capacity (+9).
   It provides partial protection from all sources of acid and corrosion.
 L - a +0 troll leather armour
Jewellery
 c - an uncursed ring of flight
 k - an uncursed ring of insulation
 l - an uncursed ring of wizardry
 r - a cursed ring of fire
 u - a +5 ring of evasion (left hand)
 D - a ring of protection from cold (right hand)
 H - an uncursed ring of wizardry
Wands
 q - a wand of acid (9)
 y - a wand of scattershot (7)
 A - a wand of flame (8)
 I - a wand of digging (9)
Scrolls
 g - 3 scrolls of teleportation
 i - 3 scrolls of magic mapping
 j - 6 scrolls of remove curse
 p - 3 scrolls of amnesia
 s - 4 scrolls of blinking
 t - a scroll of noise
 v - a scroll of fear {unknown}
 B - a scroll of fog
 J - a scroll of vulnerability {unknown}
 M - a scroll of identify
Potions
 d - 2 potions of brilliance
 h - a potion of flight
 m - 2 potions of lignification
 n - a potion of curing
 w - a potion of ambrosia
 z - a potion of haste
 C - a potion of cancellation
 E - a potion of mutation {unknown}
 F - a potion of agility {unknown}
 G - a potion of heal wounds {unknown}
Comestibles
 e - 21 rations {!d}


   Skills:
 + Level 2.0 Fighting
 + Level 0.8 Short Blades
 + Level 6.1 Dodging
 + Level 2.4 Stealth
 + Level 15.3 Spellcasting
 + Level 11.7 Conjurations
   Level 1.1 Summonings
 + Level 7.0 Translocations
 + Level 8.5 Fire Magic
 + Level 4.8 Ice Magic
 + Level 0.1 Earth Magic


You had 20 spell levels left.
You knew the following spells:

 Your Spells              Type           Power        Failure   Level  Hunger
a - Magic Dart            Conj           ####         0%          1    None
b - Blink                 Tloc           N/A          1%          2    None
c - Flame Tongue          Conj/Fire      #####        1%          1    None
d - Iskenderun's Mystic   Conj           ######..     1%          3    None
e - Orb of Destruction    Conj           ######....   4%          7    None
f - Stone Arrow           Conj/Erth      ######       1%          3    None
g - Throw Icicle          Conj/Ice       ######..     1%          4    None

Your spell library contained the following spells:

 Spells                   Type           Power        Failure   Level  Hunger
 Sticky Flame             Conj/Fire      ######..     1%          4    None
 Conjure Flame            Conj/Fire      ######..     1%          3    None
 Mephitic Cloud           Conj/Pois/Air  #####...     1%          3    None
 Call Imp                 Summ           ####..       2%          2    None
 Spider Form              Tmut/Pois      ###          8%          3    None
 Icicle Burst             Conj/Ice       ######....   19%         7    None
 Lehudib's Crystal Spear  Conj/Erth      ######....   96%         8    None
 Chain Lightning          Conj/Air       ######....   97%         8    None
 Glaciate                 Conj/Ice/Air   ######....   98%         8    None
 Fire Storm               Conj/Fire      ######....   100%        9    None


Dungeon Overview and Level Annotations

Branches:
Dungeon (8/12)             Temple (1/1) D:7            Lair (1/6) D:7
    Orc (1/1) D:8             Elf (1/3) Orc

Altars:
Dithmenos
Elyvilon
Fedhas
Hepliaklqana
Kikubaaqudgha
Okawaru
Ru
Trog
Uskayaw
Vehumet
Xom
The Shining One
Beogh

Shops:
D:4 [   D:6 *   Orc [([=?


Innate Abilities, Weirdness & Mutations

Your spells do not cause hunger and MP costs are reduced by 1.
Your bright wings attract enemies. (Stealth-)
You cannot fit into any form of body armour.
Your shimmering scales are hard and can block incoming attacks. (AC +7, SH +7)
You are small and have problems with some larger weapons.
You can fly continuously.


Message History

The +4 glaive of flaming hits you!! The +4 glaive of flaming burns you!
You miss the +4 glaive of flaming.
The +4 glaive of flaming is lightly damaged.
The +4 glaive of flaming completely misses you.
Casting: Flame Tongue (safe; 1% risk of failure)
Confirm with . or Enter, or press ? or * to list all spells.
Aiming: Throw Icicle (safe; 1% risk of failure)
Press: ? - help, Shift-Dir - straight line, f - +4 glaive of flaming
Aim: a +4 glaive of flaming (lightly damaged)
The shard of ice hits the +4 glaive of flaming.
The +4 glaive of flaming partially resists.
The +4 glaive of flaming is lightly damaged.
The +4 glaive of flaming hits you!
* * * LOW HITPOINT WARNING * * *
The +4 glaive of flaming burns you.
* * * LOW HITPOINT WARNING * * *
There is a staircase back to the Mines here.
The +4 glaive of flaming hits you from afar!!!
Ouch! That really hurt!
You die...

#+++++#
#.....#
#..<@.#
#.....#
#..(..#
##...##
#####


You could see a +4 glaive of flaming.

Vanquished Creatures
  An orc warlord (Orc)
  2 hydras (Lair:1)
  A two-headed ogre (D:8)
  2 orc high priests (Orc)
  3 orc knights (Orc)
  2 orc sorcerers (Orc)
  A black mamba (Lair:1)
  A komodo dragon (Lair:1)
  5 cane toads (Lair:1)
  A troll (Orc)
  Maurice (D:8)
  2 hippogriffs
  A slime creature (D:8)
  Sigmund (D:2)
  A wyvern (Lair:1)
  5 yaks
  A basilisk (Lair:1)
  A hungry ghost (D:8)
  A vampire mosquito (D:8)
  A two-headed ogre zombie (D:8)
  A warg (Orc)
  A crocodile (Lair:1)
  4 porcupines
  Duvessa (D:4)
  A water moccasin (D:7)
  27 orc warriors
  An ice beast (D:5)
  2 sky beasts
  A black bear (D:8)
  4 phantoms
  The ghost of yrara the Skirmisher, an amateur DsFi (D:4)
  4 centaurs
  4 ogres
  4 bullfrogs
  2 big kobolds (D:7)
  3 scorpions
  A wyvern skeleton (D:7)
  Dowan (D:4)
  2 howler monkeys (D:5)
  A crimson imp (D:6)
  3 hounds
  11 orc priests
  2 centaur skeletons
  A jelly (D:8)
  8 orc wizards
  8 worker ants
  A killer bee zombie (D:7)
  7 ogre zombies (D:8)
  A hound zombie (D:5)
  2 hound skeletons
  9 adders
  2 oozes
  3 adder skeletons
  6 worms
  3 dart slugs
  5 leopard geckos
  49 orcs
  6 giant cockroaches
  7 goblins
  5 hobgoblins
  10 jackals
  17 kobolds
  4 quokkas
  2 ball pythons
  6 bats
  4 frilled lizards
  A goblin skeleton (D:8)
  3 hobgoblin skeletons (D:8)
  3 hobgoblin zombies (D:8)
  3 orc skeletons (D:8)
  15 orc zombies (D:8)
  2 quokka skeletons (D:5)
  7 rats
316 creatures vanquished.

Vanquished Creatures (others)
  4 fungi (D:7)
4 creatures vanquished.

Grand Total: 320 creatures vanquished

Notes
Turn   | Place    | Note
-------+----------+-------------------------------------------
     0 | D:1      | Antasik the Fairy Wizard began the quest for the Orb.
     0 | D:1      | Reached XP level 1. HP: 11/11 MP: 7/7
    51 | D:1      | Reached XP level 2. HP: 17/17 MP: 9/9
   296 | D:1      | Reached skill level 5 in Spellcasting
   296 | D:1      | Reached XP level 3. HP: 21/21 MP: 9/11
   487 | D:2      | Learned a level 2 spell: Blink
   584 | D:2      | Reached XP level 4. HP: 17/27 MP: 13/13
   914 | D:2      | Noticed Sigmund
  1132 | D:2      | Found an iron altar of Okawaru.
  1134 | D:2      | Found a shimmering altar of Xom.
  1271 | D:2      | Found a white marble altar of Elyvilon.
  1413 | D:2      | Killed Sigmund
  1414 | D:2      | Reached skill level 6 in Spellcasting
  1414 | D:2      | Reached XP level 5. HP: 31/31 MP: 14/16
  1414 | D:2      | Reached XP level 6. HP: 36/36 MP: 14/17
  1733 | D:2      | Found an ancient bone altar of Kikubaaqudgha.
  1743 | D:2      | Found a radiant altar of Vehumet.
  1748 | D:2      | Became a worshipper of Vehumet
  1752 | D:2      | Found a blossoming altar of Fedhas.
  2003 | D:3      | Reached skill level 7 in Spellcasting
  2396 | D:3      | Reached * piety under Vehumet
  2396 | D:3      | Offered knowledge of Flame Tongue by Vehumet.
  2401 | D:3      | Learned a level 1 spell: Flame Tongue
  2529 | D:3      | Found a glowing golden altar of the Shining One.
  2709 | D:3      | You are sucked into a shaft and drop 2 floors!
  2709 | D:5      | Entered Level 5 of the Dungeon
  2716 | D:5      | Reached XP level 7. HP: 41/41 MP: 19/19
  2965 | D:4      | Noticed Dowan
  2983 | D:4      | Killed Dowan
  2984 | D:4      | Reached skill level 5 in Conjurations
  3105 | D:4      | Noticed Duvessa
  3158 | D:4      | Killed Duvessa
  3159 | D:4      | Reached skill level 8 in Spellcasting
  3285 | D:4      | Found a bloodstained altar of Trog.
  3393 | D:4      | Reached skill level 1 in Fire Magic
  3450 | D:4      | Noticed yrara's ghost (amateur DsFi)
  3457 | D:4      | Found a runed translucent door.
  3461 | D:4      | Found a shadowy altar of Dithmenos.
  3518 | D:4      | Reached XP level 8. HP: 45/46 MP: 20/22
  3680 | D:4      | Found Amakh's Armour Boutique.
  3803 | D:4      | Killed yrara's ghost
  3804 | D:4      | Reached skill level 9 in Spellcasting
  4005 | D:5      | Found an iron altar of Okawaru.
  5015 | D:6      | Offered knowledge of Searing Ray by Vehumet.
  5030 | D:6      | Found a sacrificial altar of Ru.
  5057 | D:6      | Found Ipeluus's Lightly-Used Armoury.
  5158 | D:6      | Reached ** piety under Vehumet
  5159 | D:6      | Reached skill level 10 in Spellcasting
  5350 | D:6      | Reached XP level 9. HP: 52/52 MP: 25/25
  5526 | D:6      | Found a hide-covered altar of Uskayaw.
  5789 | D:7      | Reached skill level 5 in Dodging
  5882 | D:7      | Found a staircase to the Ecumenical Temple.
  5927 | Temple   | Entered the Ecumenical Temple
  6484 | D:7      | Reached skill level 5 in Fire Magic
  6762 | D:7      | Reached skill level 11 in Spellcasting
  6832 | D:7      | Found a staircase to the Lair.
  6845 | D:7      | Reached skill level 1 in Fighting
  6925 | Lair:1   | Entered Level 1 of the Lair of Beasts
  6965 | Lair:1   | Reached XP level 10. HP: 30/58 MP: 25/27
  7023 | Lair:1   | Noticed a black mamba
  7046 | Lair:1   | Killed a black mamba
  7108 | Lair:1   | Noticed a cane toad
  7124 | Lair:1   | Killed a cane toad
  7173 | Lair:1   | Noticed a four-headed hydra
  7190 | Lair:1   | Killed a four-headed hydra
  7191 | Lair:1   | Reached skill level 12 in Spellcasting
  7191 | Lair:1   | Reached skill level 5 in Translocations
  7283 | Lair:1   | Noticed a six-headed hydra
  7287 | Lair:1   | Offered knowledge of Iskenderun's Mystic Blast by Vehumet.
  7307 | Lair:1   | Killed a six-headed hydra
  7517 | Lair:1   | Noticed a cane toad
  7530 | Lair:1   | Killed a cane toad
  7531 | Lair:1   | Reached skill level 13 in Spellcasting
  7559 | Lair:1   | Noticed a cane toad
  7566 | Lair:1   | Noticed a cane toad
  7579 | Lair:1   | Noticed a cane toad
  7597 | Lair:1   | Killed a cane toad
  7598 | Lair:1   | Reached XP level 11. HP: 30/63 MP: 26/30
  7626 | Lair:1   | HP: 1/63 [cane toad (13)]
  7639 | Lair:1   | HP: 3/63 [cane toad (1)]
  8941 | D:8      | Learned a level 3 spell: Iskenderun's Mystic Blast
  8949 | D:8      | Learned a level 7 spell: Orb of Destruction
  8959 | D:8      | Noticed Maurice
  8972 | D:8      | Killed Maurice
  8997 | D:8      | Reached *** piety under Vehumet
  9091 | D:8      | Noticed a two-headed ogre
  9107 | D:8      | Found a staircase to the Orcish Mines.
  9368 | D:8      | Offered knowledge of Stone Arrow by Vehumet.
  9379 | D:8      | Reached skill level 10 in Conjurations
  9383 | D:8      | Learned a level 3 spell: Stone Arrow
  9470 | D:8      | Reached **** piety under Vehumet
  9611 | D:8      | Offered knowledge of Throw Icicle by Vehumet.
  9709 | D:8      | Killed a two-headed ogre
  9710 | D:8      | Reached skill level 14 in Spellcasting
 10147 | D:8      | Learned a level 4 spell: Throw Icicle
 10150 | Orc      | Entered the Orcish Mines
 10195 | Orc      | Found a roughly hewn altar of Beogh.
 10306 | Orc      | Reached skill level 1 in Ice Magic
 10373 | Orc      | Noticed an orc knight
 10425 | Orc      | Killed an orc knight
 10551 | Orc      | Found a roughly hewn altar of Beogh.
 10634 | Orc      | Reached ***** piety under Vehumet
 10647 | Orc      | Found a roughly hewn altar of Beogh.
 10650 | Orc      | Offered knowledge of Sticky Flame by Vehumet.
 10667 | Orc      | Found Kiurch's Magic Scroll Emporium.
 10680 | Orc      | Bought a scroll of identify for 30 gold pieces
 10680 | Orc      | Bought a scroll of acquirement for 780 gold pieces
 10680 | Orc      | Identified the +2 pair of gloves "Kilaog" {rCorr MP+9 Str+2
                  | Dex+3} (You acquired it in the Orcish Mines)
 10959 | Orc      | Noticed an orc sorcerer
 10967 | Orc      | Killed an orc sorcerer
 10968 | Orc      | Reached XP level 12. HP: 61/69 MP: 9/32
 11017 | Orc      | Noticed an orc high priest
 11028 | Orc      | Found a staircase to the Elven Halls.
 11053 | Orc      | Killed an orc high priest
 11293 | Orc      | Found a roughly hewn altar of Beogh.
 11324 | Orc      | Noticed an orc warlord
 11326 | Orc      | Reached skill level 15 in Spellcasting
 11341 | Orc      | Killed an orc warlord
 11549 | Orc      | Found Wuqatz's Antique Armour Shop.
 11558 | Orc      | Found a roughly hewn altar of Beogh.
 11561 | Orc      | Found Fibrynaeq's Antique Weapon Boutique.
 11633 | Orc      | Found Acadiofe's Jewellery Shoppe.
 11699 | Orc      | Found a roughly hewn altar of Beogh.
 11819 | Orc      | Found a roughly hewn altar of Beogh.
 11819 | Orc      | Noticed an orc high priest
 11831 | Orc      | Noticed a sun demon
 12056 | Orc      | Noticed a soul eater
 12132 | Orc      | Killed an orc high priest
 12160 | Orc      | Found Geblag's Armour Boutique.
 12273 | Elf:1    | Entered Level 1 of the Elven Halls
 12282 | Elf:1    | Annihilated by a +4 glaive of flaming

Skill      XL: |  1  2  3  4  5  6  7  8  9 10 11 12 |
---------------+-------------------------------------+-----
Dodging        | 3 4 5 6 |  6.1
Spellcasting   | 5 6 7 8 10 11 13 14 15 | 15.3
Conjurations   | 2 4 5 6 8 9 10 11 | 11.7
Translocations | 2 3 5 6 7 |  7.0
Fire Magic     | 1 3 5 6 7 8 |  8.5
Stealth        | 2 |  2.4
Fighting       | 1 2 |  2.0
Ice Magic      | 3 4 |  4.8
Short Blades   | |  0.8
Summonings     | |  1.1
Earth Magic    | |  0.1

Action                   |  1- 3 |  4- 6 |  7- 9 | 10-12 || total
-------------------------+-------+-------+-------+-------++-------
Melee: Short sword       |    18 |     9 |     3 |    10 ||    40
 Cast: Magic Dart        |    80 |   121 |   147 |    73 ||   421
       Blink             |       |     2 |    31 |   110 ||   143
       Flame Tongue      |       |     2 |   237 |   510 ||   749
       Throw Icicle      |       |       |       |   110 ||   110
       Orb of Destructio |       |       |       |    11 ||    11
       Stone Arrow       |       |       |       |     3 ||     3
       Iskenderun's Myst |       |       |       |     2 ||     2
  Use: Scroll            |       |     2 |     7 |    12 ||    21
       Potion            |       |       |     2 |     9 ||    11
  Eat: Chunk             |       |     6 |    13 |    12 ||    31
       Ration            |       |       |       |     2 ||     2
Armor: Skin              |     2 |     6 |    21 |    29 ||    58
Dodge: Dodged            |    10 |    20 |    91 |   231 ||   352
Block: Other             |     5 |     3 |    40 |    81 ||   129
